 Dungeon Crawl Stone Soup version 0.17.1-3-g152610e (webtiles) character file.

117 DEFE the Covered (level 4, -4/28 HPs)
             Began as a Deep Elf Fighter on Apr 20, 2016.
             Killed from afar by Stendarr's ghost (21 damage)
             ... with a flame tongue
             ... on level 4 of the Dungeon.
             The game lasted 00:03:03 (3355 turns).

DEFE the Covered (Deep Elf Fighter)                 Turns: 3355, Time: 00:03:03

Health: -4/28      AC:  9    Str: 18    XL:     4   Next: 71%
Magic:  6/6        EV: 10    Int: 13    God:
Gold:   144        SH:  7    Dex: 15    Spells: 0 memorised, 3 levels left

rFire  . . .     SeeInvis .     a - +0 long sword
rCold  . . .     Clarity  .     b - +0 scale mail
rNeg   . . .     SustAt   .     k - +2 buckler
rPois  .         Gourm    .     (no helmet)
rElec  .         Spirit   .     j - +0 cloak
rCorr  .         Warding  .     (no gloves)
rMut   .         Stasis   .     q - +0 pair of boots
MR     .....                    (no amulet)
Stlth  ..........               (no ring)
                                (no ring)

@: mighty, not resistant to hostile enchantments, extremely unstealthy
A: no striking features
a: no special abilities


You were on level 4 of the Dungeon.
You were hungry.

You visited 1 branch of the dungeon, and saw 4 of its levels.

You collected 144 gold pieces.

Inventory:

Hand Weapons
 a - a +0 long sword (weapon)
Armour
 b - a +0 scale mail (worn)
 j - a +0 cloak (worn)
 k - a +2 buckler (worn)
 q - a +0 pair of boots (worn)
Scrolls
 c - a scroll of enchant weapon {unknown}
 f - a scroll of fear {unknown}
 h - a scroll of enchant armour {unknown}
 i - a scroll of teleportation {unknown}
 o - a scroll of recharging {unknown}
 s - a scroll of amnesia {unknown}
 t - a scroll of noise {unknown}
 w - a scroll of blinking {unknown}
Potions
 d - a potion of might
 g - a potion of heal wounds {unknown}
 l - 2 potions of degeneration
 m - a potion of curing
 n - a potion of ambrosia
 p - a potion of brilliance
 r - a potion of haste
 u - a potion of lignification {unknown}
 v - a potion of poison {unknown}
 z - a potion of cancellation {unknown}
Comestibles
 e - 5 bread rations
 x - a meat ration


   Skills:
 + Level 3.1 Fighting
 + Level 2.2 Long Blades
 + Level 3.1 Armour
 + Level 2.3 Dodging
 + Level 2.7 Shields


You had 3 spell levels left.
You didn't know any spells.

Dungeon Overview and Level Annotations

Branches:
Dungeon (4/15)
 Temple: D:4-7

Altars:

Annotations:
D:4 Stendarr's ghost, amateur TrFE


Message History

Stendarr's ghost barely misses you.
You slash Stendarr's ghost!
Stendarr's ghost is moderately damaged.
Stendarr's ghost gestures at you while chanting.
The puff of flame misses you. Stendarr's ghost barely misses you.
You barely miss Stendarr's ghost.
Stendarr's ghost is moderately damaged.
Stendarr's ghost hits you.
You slash Stendarr's ghost!
Stendarr's ghost is heavily damaged.
You block Stendarr's ghost's attack.
You closely miss Stendarr's ghost.
Stendarr's ghost is heavily damaged.
Stendarr's ghost hits you.
You slash Stendarr's ghost!
Stendarr's ghost is severely damaged.
Stendarr's ghost casts a spell at you. The flame tongue hits you!
Ouch! That really hurt!
You die...

..............#
#
.............#
.............#
.............#
##+####.#....+
........##.#.#
##.######..#.#
.........#.#
#######@.#.#
......W........
......#........
..!##.#.#......
.. # #.#......
#.#......
#.##+###. #.#


You could see Stendarr's ghost.

Vanquished Creatures
  7 adders
  An ooze (D:3)
  2 worms (D:3)
  A giant gecko (D:1)
  3 ball pythons
  7 bats
  5 giant cockroaches
  2 goblins
  5 hobgoblins (D:1)
  8 kobolds
  2 giant newts
  8 rats
51 creatures vanquished.

Notes
Turn   | Place    | Note
--------------------------------------------------------------
     0 | D:1      | DEFE the Deep Elf Fighter began the quest for the Orb.
     0 | D:1      | Reached XP level 1. HP: 13/13 MP: 3/3
   227 | D:1      | Reached XP level 2. HP: 13/18 MP: 4/4
   676 | D:1      | Reached skill level 1 in Dodging
   959 | D:1      | Reached XP level 3. HP: 15/22 MP: 5/5
  2082 | D:3      | Reached skill level 3 in Fighting
  2327 | D:3      | Reached XP level 4. HP: 20/28 MP: 6/6
  3346 | D:4      | Noticed Stendarr's ghost (amateur TrFE)
  3355 | D:4      | Killed from afar by Stendarr's ghost

Action                   |  1- 3 |  4- 6 || total
-------------------------+-------+-------++-------
Melee: Long sword        |   153 |    77 ||   230
  Use: Potion            |     1 |     1 ||     2
       Scroll            |       |     4 ||     4
  Eat: Bread ration      |     1 |       ||     1
       Chunk             |       |     3 ||     3
